[Event "Titled Tuesday Blitz December 06 Late 2022"]
[White "Stanisz, Patryk"]
[Black "Manukyan, Sargis A."]
[WhiteFideId "1123106"]
[BlackFideId "13303970"]
[WhiteElo "2069"]
[BlackElo "2187"]
[Result "0-1"]
[Round "03"]
[TimeControl "180+1"]
[Date "2022.12.07"]
[WhiteClock "0:00:03"]
[BlackClock "0:01:54"]

1. d4 d5 2. c4 e6 3. Nc3 Nf6 4. Nf3 Be7 5. Bf4 O-O 6. e3 c5 7. dxc5 Na6 8. cxd5 Nxd5 9. Nxd5 exd5 10. Be2 Nxc5 11. O-O Be6 12. Rc1 Rc8 13. Nd4 Qb6 14. b3 Ne4 15. Bf3 Nc3 16. Qc2 Ba3 17. Ra1 Nb5 18. Qd3 Nxd4 19. exd4 Bb2 20. Rad1 Qa6 21. Be2 Qxa2 22. Rd2 Qa3 23. Rb1 Bc1 24. Rc2 Bxf4 0-1


[Site "https://www.chess.com"]

[Event "Titled Tuesday Blitz December 06 Late 2022"]
[White "Stoleriu, George"]
[Black "Kaganskiy, Gleb"]
[WhiteFideId "1227505"]
[BlackFideId "4132025"]
[WhiteElo "2287"]
[BlackElo "2165"]
[Result "1-0"]
[Round "03"]
[TimeControl "180+1"]
[Date "2022.12.07"]
[WhiteClock "0:00:55"]
[BlackClock "0:00:06"]

1. e4 e6 2. d4 d5 3. Nc3 Bb4 4. exd5 exd5 5. Bd3 Ne7 6. a3 Bd6 7. Nb5 c6 8. Nxd6+ Qxd6 9. Qf3 Nd7 10. Ne2 Nf6 11. Bf4 Qd8 12. h3 Bf5 13. Bxf5 Nxf5 14. Be5 Nd6 15. Bxf6 Qxf6 16. Qxf6 gxf6 17. Ng3 h5 18. h4 f5 19. O-O-O Ke7 20. Rde1+ Kf6 21. Ne2 Rae8 22. f3 Nb5 23. c3 Nc7 24. Nf4 Ne6 25. Nd3 Rhg8 26. Re2 Rg3 27. Rd1 Reg8 28. Rdd2 R3g7 29. Kd1 Rg3 30. Ke1 R3g7 31. Kf1 Rg3 32. Re5 R3g7 33. Rde2 Rd8 34. b4 Rgg8 35. Nc5 Nxc5 36. bxc5 Rd7 37. Re8 Rxe8 38. Rxe8 Re7 39. Rh8 Kg6 40. Rg8+ Kf6 41. Kf2 b6 42. cxb6 axb6 43. Rg5 Ra7 44. Rxh5 Rxa3 45. Rh6+ Kg7 46. Rxc6 b5 47. Kg3 b4 48. cxb4 Rb3 49. Rc5 Rxb4 50. Rxd5 Kg6 51. Kf4 Ra4 52. Rd6+ Kg7 53. Kxf5 Ra2 54. g4 Rf2 55. f4 Rh2 56. h5 Rh1 57. Kg5 Rh2 58. Rd7 Kg8 59. Kf6 Rh1 60. Rd8+ Kh7 61. Kxf7 Rg1 62. g5 Rf1 63. g6+ Kh6 64. Rh8# 1-0


[Site "https://www.chess.com"]

[Event "Titled Tuesday Blitz December 06 Late 2022"]
[White "Suder, Jakub"]
[Black "Papayan, Oleg"]
[WhiteFideId "1195310"]
[BlackFideId "4193911"]
[WhiteElo "2245"]
[BlackElo "2153"]
[Result "1-0"]
[Round "03"]
[TimeControl "180+1"]
[Date "2022.12.07"]
[WhiteClock "0:02:05"]
[BlackClock "0:00:56"]

1. d4 Nf6 2. c4 e6 3. Nc3 Bb4 4. f3 c5 5. d5 b5 6. e4 bxc4 7. Bxc4 exd5 8. Bxd5 Nxd5 9. Qxd5 Nc6 10. Ne2 Qh4+ 11. Ng3 O-O 12. Bg5 Ne7 13. Bxh4 Nxd5 14. exd5 Re8+ 15. Kf2 f6 16. Nge4 Bb7 17. Rad1 c4 18. Rhe1 Kf7 19. a3 Bf8 20. Bg3 a5 21. Nd6+ Bxd6 22. Bxd6 Ra6 23. Rxe8 Kxe8 24. Re1+ Kd8 25. Nb5 Bxd5 26. Bc7+ Kc8 27. Re8+ Kb7 28. Bf4 Rb6 29. Rb8+ Kc6 30. Na7+ Kc5 31. Be3+ Kd6 32. Rxb6+ Ke5 33. g4 g5 34. h4 h6 35. hxg5 hxg5 36. Nb5 f5 37. Bd4+ Kf4 38. Nc3 fxg4 39. Nxd5+ Kf5 40. Ne3+ Kf4 41. Rf6# 1-0


[Site "https://www.chess.com"]

[Event "Titled Tuesday Blitz December 06 Late 2022"]
[White "Szyszylo, Rafal"]
[Black "Aldokhin, Ivan"]
[WhiteFideId "1109626"]
[BlackFideId "24115720"]
[WhiteElo "1981"]
[BlackElo "2313"]
[Result "0-1"]
[Round "03"]
[TimeControl "180+1"]
[Date "2022.12.07"]
[WhiteClock "0:00:03"]
[BlackClock "0:00:05"]

1. e4 c5 2. Nf3 e6 3. d4 cxd4 4. Nxd4 a6 5. f4 d5 6. exd5 Qxd5 7. Be3 Nf6 8. Qf3 Bc5 9. c3 Bxd4 10. Qxd5 Nxd5 11. Bxd4 Nc6 12. g3 Nxd4 13. cxd4 Ke7 14. Nc3 Rd8 15. Kd2 Nb4 16. Ne2 e5 17. fxe5 Bg4 18. a3 Bxe2 19. Bxe2 Nc6 20. Rac1 Rxd4+ 21. Ke3 Rd5 22. Bf3 Rxe5+ 23. Kf4 Re6 24. Bxc6 bxc6 25. Rhe1 Rxe1 26. Rxe1+ Kd6 27. Rd1+ Kc7 28. Re1 Rd8 29. Re2 Rd4+ 30. Ke5 Rd6 31. Kf4 Rf6+ 32. Kg4 Kb6 33. h4 Kb5 34. b3 a5 35. Re5+ c5 36. Re4 Kc6 37. h5 h6 38. Kh4 Kd5 39. Ra4 Rb6 40. Rxa5 Rxb3 41. Ra7 Ke6 42. Ra6+ Kf5 43. g4+ Ke5 44. Ra5 Kd4 45. Ra7 Rf3 46. Rd7+ Kc3 47. a4 Kb4 48. Rc7 c4 49. a5 c3 50. a6 Rf6 51. a7 Ra6 52. Rxf7 c2 53. Rc7 Kb3 0-1


[Site "https://www.chess.com"]

[Event "Titled Tuesday Blitz December 06 Late 2022"]
[White "Therrien, Alex L"]
[Black "Darini, Pouria"]
[WhiteFideId "412856"]
[BlackFideId "12502200"]
[WhiteElo "2214"]
[BlackElo "2482"]
[Result "0-1"]
[Round "03"]
[TimeControl "180+1"]
[Date "2022.12.07"]
[WhiteClock "0:00:03"]
[BlackClock "0:02:08"]

1. d4 Nf6 2. c4 e6 3. Nc3 Bb4 4. e3 c5 5. Ne2 cxd4 6. exd4 d5 7. a3 Be7 8. Nf4 O-O 9. cxd5 exd5 10. Be2 Nc6 11. O-O Bf5 12. Be3 Rc8 13. Rc1 Na5 14. g4 Be6 15. g5 Ne8 16. h4 Nc4 17. Qb3 Nxe3 18. fxe3 Nc7 19. Qxb7 Rb8 20. Qc6 Rb6 21. Qa4 Rxb2 22. Rb1 Rxb1 23. Rxb1 Bf5 24. Rb7 Bd6 25. Qxa7 Bxf4 26. exf4 Ne6 0-1


[Site "https://www.chess.com"]

[Event "Titled Tuesday Blitz December 06 Late 2022"]
[White "Timmermans, Mark"]
[Black "Paravyan, David"]
[WhiteFideId "1026399"]
[BlackFideId "4194985"]
[WhiteElo "2460"]
[BlackElo "2551"]
[Result "0-1"]
[Round "03"]
[TimeControl "180+1"]
[Date "2022.12.06"]
[WhiteClock "0:02:54"]
[BlackClock "0:02:39"]

1. b4 e5 2. Bb2 Bxb4 3. Bxe5 Nf6 4. Nc3 c6 5. a3 Ba5 6. e3 O-O 7. Nf3 Re8 8. Be2 d5 9. O-O Bg4 10. Nb1 Bxf3 11. Bxf3 Rxe5 0-1


[Site "https://www.chess.com"]

[Event "Titled Tuesday Blitz December 06 Late 2022"]
[White "Tirelli, Mauro"]
[Black "Torres Dominguez, David"]
[WhiteFideId "845353"]
[BlackFideId "2220857"]
[WhiteElo "2152"]
[BlackElo "2037"]
[Result "1-0"]
[Round "03"]
[TimeControl "180+1"]
[Date "2022.12.07"]
[WhiteClock "0:00:18"]
[BlackClock "0:00:03"]

1. d4 e5 2. dxe5 d6 3. Nf3 Bg4 4. Nc3 Nc6 5. exd6 Bxd6 6. g3 Qe7 7. Bg2 O-O-O 8. Nd5 Qe6 9. O-O h5 10. c4 h4 11. Qa4 hxg3 12. hxg3 Bxf3 13. exf3 Nd4 14. Rd1 Qe2 15. Ne3 Nxf3+ 16. Bxf3 Qxf3 17. Ng2 Nf6 18. Bg5 Ne4 19. Be3 Bxg3 20. fxg3 Nxg3 21. Rxd8+ Rxd8 22. Re1 1-0


[Site "https://www.chess.com"]

[Event "Titled Tuesday Blitz December 06 Late 2022"]
[White "Tomaszewski, Kacper"]
[Black "Fernandez Hernandez, Gerardo"]
[WhiteFideId "1127373"]
[BlackFideId "2207400"]
[WhiteElo "2211"]
[BlackElo "2191"]
[Result "1-0"]
[Round "03"]
[TimeControl "180+1"]
[Date "2022.12.07"]
[WhiteClock "0:01:45"]
[BlackClock "0:00:27"]

1. Nf3 Nf6 2. g3 g6 3. Bg2 Bg7 4. O-O O-O 5. d4 d6 6. Nbd2 Nbd7 7. e4 e5 8. dxe5 dxe5 9. a4 a5 10. Re1 Re8 11. Nc4 Qe7 12. b3 h6 13. Ba3 Qe6 14. Qd2 b6 15. Rad1 Bb7 16. Nh4 Kh7 17. Nf5 Nxe4 18. Bxe4 Bxe4 19. Nxg7 Qc6 20. Qxd7 Kxg7 21. Qxc6 Bxc6 22. Rxe5 1-0


[Site "https://www.chess.com"]

[Event "Titled Tuesday Blitz December 06 Late 2022"]
[White "Toncheva, Nadya"]
[Black "Javakhadze, Zurab"]
[WhiteFideId "2924056"]
[BlackFideId "13603647"]
[WhiteElo "2101"]
[BlackElo "2381"]
[Result "0-1"]
[Round "03"]
[TimeControl "180+1"]
[Date "2022.12.07"]
[WhiteClock "0:00:03"]
[BlackClock "0:00:10"]

1. d4 Nf6 2. c4 e6 3. Nc3 d5 4. cxd5 exd5 5. Bg5 c6 6. e3 Nbd7 7. Bd3 Bd6 8. Qc2 Nf8 9. Nge2 Ne6 10. Bh4 h6 11. O-O-O a5 12. f4 g5 13. fxg5 hxg5 14. Bg3 Ng4 15. Qd2 a4 16. Rdf1 a3 17. b3 Bxg3 18. Nxg3 Qa5 19. Nf5 Rxh2 20. Rxh2 Nxh2 21. Rh1 Ng4 22. Rh8+ Kd7 23. e4 dxe4 24. Bxe4 Nf4 25. Ng3 Nf6 26. Bf5+ Kc7 27. b4 Qa6 28. Bxc8 Rxc8 29. Rxc8+ Kxc8 30. Nf5 Kb8 31. b5 cxb5 32. Qe3 Qe6 33. Qxe6 fxe6 34. Ne3 b4 35. Nb5 N6d5 36. Nc2 Nxg2 37. Kd2 Ngf4 38. Ke1 g4 39. Kf2 Nd3+ 40. Kg3 Nc1 41. Kxg4 Nxa2 42. Kf3 Nac3 43. Nxc3 Nxc3 44. Ke3 a2 45. Kd3 b3 46. Na1 b2 0-1


[Site "https://www.chess.com"]

[Event "Titled Tuesday Blitz December 06 Late 2022"]
[White "Tworuszka, Michal"]
[Black "Dias, Joao Batista"]
[WhiteFideId "1117858"]
[BlackFideId "2108240"]
[WhiteElo "2419"]
[BlackElo "1898"]
[Result "1-0"]
[Round "03"]
[TimeControl "180+1"]
[Date "2022.12.07"]
[WhiteClock "0:01:02"]
[BlackClock "0:01:36"]

1. e4 g6 2. d4 Bg7 3. c4 c5 4. d5 d6 5. Nc3 Nf6 6. f3 O-O 7. Bg5 a6 8. a4 Nbd7 9. Nh3 h6 10. Be3 g5 11. Nf2 Ne5 12. Qd2 Ng6 13. g3 Rb8 14. h4 gxh4 15. gxh4 Kh7 16. Bd3 Ne5 17. Be2 Rg8 18. Rg1 Bd7 19. f4 Neg4 20. Nxg4 Nxg4 21. Bxg4 Bxg4 22. e5 h5 23. Qd3+ Kh8 24. Rxg4 hxg4 25. Qf5 Bh6 26. Qh5 Kh7 27. f5 1-0


[Site "https://www.chess.com"]

[Event "Titled Tuesday Blitz December 06 Late 2022"]
[White "Van Dael, Siem"]
[Black "Moksh Amit Doshi"]
[WhiteFideId "1049771"]
[BlackFideId "25064967"]
[WhiteElo "2336"]
[BlackElo "2297"]
[Result "1-0"]
[Round "03"]
[TimeControl "180+1"]
[Date "2022.12.07"]
[WhiteClock "0:00:19"]
[BlackClock "0:00:13"]

1. e4 c5 2. Nf3 d6 3. d4 cxd4 4. Nxd4 Nf6 5. Nc3 a6 6. Be3 Ng4 7. Bc1 Nf6 8. f3 e6 9. Be3 b5 10. Qd2 Nbd7 11. O-O-O b4 12. Na4 Qc7 13. Qxb4 d5 14. Qc3 Qb8 15. Nc6 Qc7 16. e5 Ng8 17. f4 Bb7 18. Na5 Qb8 19. Nb6 Nxb6 20. Bxb6 Ne7 21. Qc7 Qxc7 22. Bxc7 Bc8 23. c4 Bd7 24. Nb7 Nf5 25. cxd5 exd5 26. Rxd5 Rc8 27. Nd6+ Nxd6 28. exd6 Bxd6 29. Rxd6 Rxc7+ 30. Kd2 a5 31. Bd3 O-O 32. Re1 Rb8 33. b3 Kf8 34. Bc4 a4 35. h3 axb3 36. axb3 Ra7 37. Kc3 Be8 38. g4 Ra2 39. f5 Rf2 40. Re3 h5 41. Rg3 h4 42. Re3 Rg2 43. Rdd3 Ra8 44. Rd2 Rg1 45. Rde2 Rh1 46. Bd5 Rc8+ 47. Kb2 Rg1 48. Rf3 Bb5 49. Rc2 Rd8 50. f6 gxf6 51. Be4 Kg7 52. Rcf2 Rd6 53. Bc2 Rg3 54. Rxg3 hxg3 55. Rg2 f5 56. gxf5 Kf6 57. Rxg3 Bf1 58. Kc3 Ke5 59. Re3+ Kf4 60. Re7 f6 61. Re6 Rxe6 62. fxe6 Bxh3 63. e7 Bd7 64. Bg6 Ke3 65. e8=Q+ Bxe8 66. Bxe8 f5 67. Bc6 f4 68. b4 f3 69. Bxf3 Kxf3 70. b5 1-0


[Site "https://www.chess.com"]

[Event "Titled Tuesday Blitz December 06 Late 2022"]
[White "Van Foreest, Lucas"]
[Black "Ronka, Erik"]
[WhiteFideId "1039792"]
[BlackFideId "505080"]
[WhiteElo "2509"]
[BlackElo "2264"]
[Result "1-0"]
[Round "03"]
[TimeControl "180+1"]
[Date "2022.12.07"]
[WhiteClock "0:01:15"]
[BlackClock "0:00:26"]

1. e4 c6 2. Qg4 d5 3. Qg3 d4 4. Bc4 Nf6 5. d3 e6 6. a3 Nbd7 7. f4 g6 8. Nf3 Bg7 9. O-O O-O 10. Nbd2 b5 11. Ba2 c5 12. e5 Nd5 13. Ne4 Bb7 14. Nd6 Bc6 15. Ng5 Qe7 16. Bd2 N7b6 17. Rae1 Nc8 18. Nde4 h6 19. Nf3 a5 20. h4 h5 21. Nfg5 Ncb6 22. Qh3 Ne3 23. Bxe3 dxe3 24. Qxe3 Nd7 25. g4 hxg4 26. Qg3 Bd5 27. Bxd5 exd5 28. Nc3 Nb6 29. Qxg4 b4 30. axb4 axb4 31. Nb5 Qd7 32. f5 Qxb5 33. fxg6 fxg6 34. Qe6+ Kh8 35. Qxg6 1-0


[Site "https://www.chess.com"]

[Event "Titled Tuesday Blitz December 06 Late 2022"]
[White "Vlassov, Nikolai"]
[Black "Battlecruiser_Operational"]
[WhiteFideId "4103360"]
[WhiteElo "2324"]
[BlackElo "2288"]
[Result "1-0"]
[Round "03"]
[TimeControl "180+1"]
[Date "2022.12.07"]
[WhiteClock "0:00:09"]
[BlackClock "0:00:04"]

1. e4 c6 2. d4 d5 3. e5 Bf5 4. Nf3 e6 5. Be2 Nd7 6. O-O h6 7. Nbd2 Ne7 8. Nb3 Bh7 9. Bd2 g5 10. a4 Bg7 11. a5 Nf5 12. Bb4 g4 13. Ne1 h5 14. Nd3 Qc7 15. Rc1 f6 16. exf6 Bxf6 17. Ndc5 Nxc5 18. Nxc5 Nxd4 19. Bd3 Bxd3 20. Qxd3 b6 21. Rfe1 bxc5 22. Bxc5 Qf4 23. Qg6+ Kd8 24. Rcd1 e5 25. Qf7 Nb5 26. c4 Nc7 27. Bd6 Rc8 28. cxd5 cxd5 29. Bxc7+ Rxc7 30. Rxd5+ Kc8 31. Qe6+ Kb8 32. Rb5+ Rb7 33. Qd6+ Ka8 34. Rxb7 Kxb7 35. a6+ Ka8 36. Qc6+ Kb8 37. Qb7# 1-0


[Site "https://www.chess.com"]

[Event "Titled Tuesday Blitz December 06 Late 2022"]
[White "Vykouk, Jan"]
[Black "Vargas, Mauricio"]
[WhiteFideId "349658"]
[BlackFideId "4404572"]
[WhiteElo "2378"]
[BlackElo "2025"]
[Result "1-0"]
[Round "03"]
[TimeControl "180+1"]
[Date "2022.12.07"]
[WhiteClock "0:02:24"]
[BlackClock "0:01:38"]

1. e4 c6 2. Nf3 d5 3. Nc3 dxe4 4. Nxe4 Nf6 5. Qe2 Nxe4 6. Qxe4 Qd5 7. Qh4 e5 8. Bc4 Qc5 9. O-O Be7 10. Qe4 Bd6 11. b4 Qxb4 12. Nxe5 O-O 13. Nxf7 Rxf7 14. Qe8+ Bf8 15. Qxf7+ Kh8 16. Qg8# 1-0


[Site "https://www.chess.com"]

[Event "Titled Tuesday Blitz December 06 Late 2022"]
[White "Walentukiewicz, Michal"]
[Black "Jaracz, Pawel"]
[WhiteFideId "1126903"]
[BlackFideId "1102222"]
[WhiteElo "2028"]
[BlackElo "2460"]
[Result "0-1"]
[Round "03"]
[TimeControl "180+1"]
[Date "2022.12.07"]
[WhiteClock "0:00:51"]
[BlackClock "0:00:31"]

1. Nf3 b5 2. g3 Bb7 3. Bg2 e6 4. O-O c5 5. a4 b4 6. b3 Nf6 7. Bb2 Be7 8. d3 d5 9. Nbd2 O-O 10. Re1 d4 11. e4 dxe3 12. Rxe3 Nd5 13. Re1 Bf6 14. Bxf6 Nxf6 15. Ne4 Nbd7 16. Qe2 Qc7 17. Rad1 Nxe4 18. dxe4 c4 19. Nd4 a6 20. e5 Bxg2 21. Kxg2 Rfc8 22. f4 Nb6 23. f5 Nd5 24. Qg4 cxb3 25. cxb3 Qb7 26. Kh3 Re8 27. f6 g6 28. Qg5 Kh8 29. Qh6 Rg8 30. Re4 g5 31. Qh5 Nf4+ 32. Rxf4 gxf4 33. Rf1 fxg3 34. Rf4 Rg6 35. hxg3 Qh1# 0-1


[Site "https://www.chess.com"]

[Event "Titled Tuesday Blitz December 06 Late 2022"]
[White "Weisz, Bryan"]
[Black "Kokoszczynski, Jan"]
[WhiteFideId "30934133"]
[BlackFideId "1174460"]
[WhiteElo "2295"]
[BlackElo "2168"]
[Result "0-1"]
[Round "03"]
[TimeControl "180+1"]
[Date "2022.12.07"]
[WhiteClock "0:00:12"]
[BlackClock "0:00:03"]

1. Nc3 Nf6 2. e4 e5 3. Nd5 c6 4. Nxf6+ Qxf6 5. Nf3 d5 6. exd5 Bg4 7. Qe2 Bxf3 8. gxf3 cxd5 9. d4 Nc6 10. dxe5 Qxe5 11. Bf4 Qxe2+ 12. Bxe2 Bc5 13. O-O-O O-O-O 14. Be3 Bxe3+ 15. fxe3 Rhe8 16. Rd3 Re7 17. f4 Rde8 18. Re1 Kc7 19. Bf3 Nb4 20. Rb3 Nc6 21. Bxd5 f5 22. c4 g6 23. Kd2 b6 24. Ke2 Nd4+ 25. Kf2 Nxb3 26. axb3 Kd6 27. Ra1 a5 28. Re1 Kc5 29. h4 Kb4 30. h5 gxh5 31. Rh1 Rxe3 32. Rxh5 Re2+ 33. Kf1 Rxb2 34. Rxh7 Rxb3 35. Rf7 a4 36. Rxf5 a3 37. Bc6 a2 38. Rb5+ Kc3 0-1


[Site "https://www.chess.com"]

[Event "Titled Tuesday Blitz December 06 Late 2022"]
[White "Womacka, Mathias"]
[Black "Gasparyan, David"]
[WhiteFideId "4611390"]
[BlackFideId "13311980"]
[WhiteElo "2377"]
[BlackElo "2387"]
[Result "1-0"]
[Round "03"]
[TimeControl "180+1"]
[Date "2022.12.07"]
[WhiteClock "0:00:05"]
[BlackClock "0:00:01"]

1. e4 c5 2. Nf3 d6 3. d4 Nd7 4. Nc3 cxd4 5. Qxd4 e5 6. Qe3 Ngf6 7. Bc4 h6 8. O-O Be7 9. a4 O-O 10. a5 a6 11. Rd1 Nc5 12. Nxe5 dxe5 13. Rxd8 Rxd8 14. Nd5 Nxd5 15. Bxd5 Be6 16. c4 Bg5 17. Qe2 Bxc1 18. Rxc1 Nb3 19. Rd1 Nd4 20. Qe3 Bg4 21. f3 Be6 22. b4 Rac8 23. Qd3 Rc7 24. Rb1 Rdc8 25. c5 Rd8 26. Qc4 Rcd7 27. Bxe6 Nxe6 28. b5 axb5 29. Qxb5 Rd2 30. Qxb7 Nf4 31. Rb2 Rd1+ 32. Kf2 Nd3+ 33. Kg3 Nxc5 34. Qc7 Na6 35. Qxe5 Rc1 36. h4 Rdc8 37. Rb6 R1c5 38. Qa1 R5c6 39. Rxc6 Rxc6 40. Qd4 Rg6+ 41. Kf2 Kh7 42. h5 Rf6 43. Qc4 Re6 44. Ke3 Nb8 45. Qb5 Na6 46. Qb7 Rf6 47. e5 Nc5 48. Qd5 Rf5 49. Qxc5 Rxh5 50. f4 f6 51. Qc2+ Kh8 52. e6 f5 53. Qc8+ Kh7 54. e7 Rh1 55. e8=Q Re1+ 56. Kf3 Rxe8 57. Qxe8 h5 58. Qxh5+ Kg8 59. Qxf5 Kh8 60. a6 Kg8 61. a7 g6 62. a8=Q+ Kg7 63. Qb7+ Kh6 64. Qg5# 1-0


[Site "https://www.chess.com"]

[Event "Titled Tuesday Blitz December 06 Late 2022"]
[White "Xu, Grant"]
[Black "Jimenez Almeida, Luis David"]
[WhiteFideId "2052318"]
[BlackFideId "22242244"]
[WhiteElo "2186"]
[BlackElo "2158"]
[Result "1-0"]
[Round "03"]
[TimeControl "180+1"]
[Date "2022.12.07"]
[WhiteClock "0:00:29"]
[BlackClock "0:00:23"]

1. e4 c5 2. d4 cxd4 3. c3 d3 4. Bxd3 Nc6 5. c4 g6 6. Nf3 Bg7 7. O-O d6 8. h3 Nf6 9. Nc3 Nd7 10. Bd2 Nc5 11. Bc2 O-O 12. Rc1 Bd7 13. b3 Rc8 14. Bb1 a6 15. Qe2 Ne6 16. Be3 Qa5 17. Nd5 Qa3 18. Qd2 Rfe8 19. Bh6 Bh8 20. Ng5 Ned4 21. f4 Qc5 22. Kh1 a5 23. f5 f6 24. fxg6 hxg6 25. e5 f5 26. e6 Nxe6 27. Nxe6 Bxe6 28. Qg5 Kh7 29. Qh4 Kg8 30. Qg5 Kh7 31. Nf4 Bf7 32. Nxg6 Bf6 33. Nf8+ Rxf8 34. Bxf5+ Kh8 35. Bg7+ Kg8 36. Bxf6+ Bg6 37. Qxg6# 1-0


[Site "https://www.chess.com"]

[Event "Titled Tuesday Blitz December 06 Late 2022"]
[White "Yeritsyan, Hayk"]
[Black "Floresvillar Gonzalez, Luis Migu"]
[WhiteFideId "13307320"]
[BlackFideId "5100542"]
[WhiteElo "2416"]
[BlackElo "2040"]
[Result "1-0"]
[Round "03"]
[TimeControl "180+1"]
[Date "2022.12.07"]
[WhiteClock "0:00:32"]
[BlackClock "0:00:37"]

1. d4 Nf6 2. Nf3 d5 3. e3 c6 4. Bd3 Bg4 5. Nbd2 e6 6. c3 Bf5 7. Qe2 Bxd3 8. Qxd3 Be7 9. e4 dxe4 10. Nxe4 Nxe4 11. Qxe4 Nd7 12. O-O O-O 13. Qe2 Qa5 14. Bf4 Rfe8 15. Bg3 Qh5 16. h3 Rad8 17. Rfe1 Bf6 18. Rad1 a5 19. a3 Nb6 20. Be5 Bxe5 21. Nxe5 Qxe2 22. Rxe2 a4 23. Rde1 Rd5 24. Nd3 Red8 25. Nb4 R5d7 26. Nd3 Rd5 27. Nc5 Rb8 28. Re5 Rxe5 29. Rxe5 Nc4 30. Re2 b5 31. Nd3 Kf8 32. Ne5 Rc8 33. Nxc4 bxc4 34. Kf1 Rb8 35. Ke1 Ke7 36. Kd1 Kd6 37. Kc2 c5 38. dxc5+ Kxc5 39. Re5+ Kb6 40. f4 Rd8 41. f5 exf5 42. Rxf5 f6 43. Rf3 Re8 44. Kd2 Rd8+ 45. Ke2 Re8+ 46. Kf2 Rd8 47. Ke1 Rd5 48. Re3 h5 49. Rg3 g5 50. Rf3 f5 51. h4 Re5+ 52. Kf2 gxh4 53. Rf4 Kb5 54. Rxh4 Rd5 55. Ke3 Rd3+ 56. Ke2 Rg3 57. Kf2 Rd3 58. Rxh5 Rd2+ 59. Ke3 Rxg2 60. Rxf5+ Kb6 61. Rf2 Rg4 62. Rf4 Rg2 63. Rxc4 Rxb2 64. Rb4+ Rxb4 65. cxb4 Kc6 66. Kd4 Kd6 67. Kc4 Kc6 68. b5+ Kb6 69. Kb4 Kb7 70. Kxa4 Ka7 71. Kb4 Kb6 72. a4 Kb7 73. Ka5 Ka7 74. b6+ Kb7 75. Kb5 Kb8 76. Ka6 Ka8 77. b7+ Kb8 78. a5 Kc7 79. Ka7 1-0


[Site "https://www.chess.com"]

[Event "Titled Tuesday Blitz December 06 Late 2022"]
[White "Yi, Richard"]
[Black "Storey, Charles H"]
[WhiteFideId "2079518"]
[BlackFideId "406686"]
[WhiteElo "2147"]
[BlackElo "2251"]
[Result "0-1"]
[Round "03"]
[TimeControl "180+1"]
[Date "2022.12.07"]
[WhiteClock "0:00:18"]
[BlackClock "0:00:25"]

1. d4 g6 2. c4 Bg7 3. e4 c5 4. d5 e6 5. Nc3 Ne7 6. Bg5 h6 7. Be3 d6 8. Qd2 exd5 9. cxd5 Nd7 10. f3 Ne5 11. Bb5+ Bd7 12. Qe2 O-O 13. Bxd7 Qxd7 14. Nh3 c4 15. O-O b5 16. Qd2 Kh7 17. Ne2 Nd3 18. Rab1 f5 19. Nd4 fxe4 20. fxe4 Qg4 21. Ne6 Qxe4 22. Nxg7 Rxf1+ 23. Rxf1 Kxg7 24. Bxh6+ Kh8 25. Rf7 Nf5 26. Bg5 Re8 27. Bh4 Qxh4 0-1


[Site "https://www.chess.com"]

[Event "Titled Tuesday Blitz December 06 Late 2022"]
[White "Yoo, Christopher Woojin"]
[Black "Moral Garcia, Serafin"]
[WhiteFideId "30909694"]
[BlackFideId "2201925"]
[WhiteElo "2463"]
[BlackElo "2259"]
[Result "1-0"]
[Round "03"]
[TimeControl "180+1"]
[Date "2022.12.07"]
[WhiteClock "0:02:38"]
[BlackClock "0:02:36"]

1. a4 e5 2. c3 d5 3. d4 exd4 4. cxd4 c5 5. Nf3 Nc6 6. g3 cxd4 7. Nxd4 Bc5 8. Nxc6 Qb6 9. Nd4 Bxd4 10. e3 Bxb2 11. Bb5+ Bd7 12. Bxb2 1-0


[Site "https://www.chess.com"]

[Event "Titled Tuesday Blitz December 06 Late 2022"]
[White "Yuan, Qingyu"]
[Black "Maghsoodloo, Parham"]
[WhiteFideId "8609772"]
[BlackFideId "12539929"]
[WhiteElo "2359"]
[BlackElo "2672"]
[Result "0-1"]
[Round "03"]
[TimeControl "180+1"]
[Date "2022.12.06"]
[WhiteClock "0:00:01"]
[BlackClock "0:00:13"]

1. e4 c5 2. Nf3 e6 3. d4 cxd4 4. Nxd4 Nc6 5. Nc3 a6 6. Nxc6 bxc6 7. Bd3 d5 8. O-O Bd6 9. f4 Ne7 10. e5 Bc5+ 11. Kh1 a5 12. Na4 Ba7 13. c4 Ba6 14. Qe2 O-O 15. b3 Bd4 16. Rb1 c5 17. Ba3 Rc8 18. Rbc1 dxc4 19. Bxc4 Bb7 20. Ba6 Bxa6 21. Qxa6 Nf5 22. Bxc5 Qh4 23. Qd3 Rxc5 24. Nxc5 Be3 25. Ne4 Bxc1 26. g3 Rd8 27. Rxc1 Rxd3 28. gxh4 h6 29. Kg1 Rd4 30. Ng3 Nxh4 31. Rc4 Rd2 32. Ra4 Nf3+ 33. Kf1 Nxh2+ 34. Ke1 Nf3+ 35. Kf1 Kh7 36. Rxa5 Kg6 37. Ra7 h5 38. b4 h4 39. Ne4 Rb2 40. Nd6 h3 41. Ra8 Rxb4 42. Rh8 Rxf4 43. Ke2 Rh4 44. Rc8 h2 45. Rc1 Ng1+ 46. Kf2 Rg4 47. Ne4 h1=Q 48. Ng3 Qf3+ 49. Kxg1 Rxg3+ 0-1


[Site "https://www.chess.com"]

[Event "Titled Tuesday Blitz December 06 Late 2022"]
[White "Zeman, Matyas"]
[Black "Aqib Javaid Butt"]
[WhiteFideId "364398"]
[BlackFideId "7801262"]
[WhiteElo "2254"]
[BlackElo "1659"]
[Result "1-0"]
[Round "03"]
[TimeControl "180+1"]
[Date "2022.12.07"]
[WhiteClock "0:00:32"]
[BlackClock "0:00:50"]

1. d4 d5 2. c4 c6 3. Nc3 Nf6 4. Nf3 e6 5. Bg5 Be7 6. e3 O-O 7. Rc1 Nbd7 8. h3 b6 9. cxd5 exd5 10. Bd3 Bb7 11. O-O Re8 12. Ne5 Nxe5 13. dxe5 Nd7 14. Bxe7 Qxe7 15. f4 f6 16. exf6 Qxe3+ 17. Kh1 Nxf6 18. Rf3 Qe7 19. Rg3 d4 20. Ne2 c5 21. b4 Ne4 22. Bxe4 Qxe4 23. Ng1 Qe7 24. bxc5 bxc5 25. Qh5 Rac8 26. h4 c4 27. Nh3 d3 28. f5 Qf7 29. Qg5 Red8 30. Nf4 d2 31. Rd1 c3 32. Ne6 c2 33. Nxg7 cxd1=Q+ 34. Kh2 Qdh5 35. Nxh5+ Kh8 36. Qf4 d1=Q 37. Qe5+ 1-0


[Site "https://www.chess.com"]

[Event "Titled Tuesday Blitz December 06 Late 2022"]
[White "Zhigalko, Sergei"]
[Black "O`Gorman, Tom"]
[WhiteFideId "13502956"]
[BlackFideId "2508249"]
[WhiteElo "2662"]
[BlackElo "2271"]
[Result "1-0"]
[Round "03"]
[TimeControl "180+1"]
[Date "2022.12.06"]
[WhiteClock "0:01:13"]
[BlackClock "0:01:05"]

1. e4 c5 2. Nf3 d6 3. d4 cxd4 4. Qxd4 Nc6 5. Bb5 Bd7 6. Bxc6 Bxc6 7. Nc3 Nf6 8. Bg5 e6 9. O-O-O Be7 10. Rhe1 h6 11. Bh4 Rc8 12. Kb1 Qc7 13. Bxf6 Bxf6 14. Qxd6 Bxc3 15. Qxc7 Rxc7 16. bxc3 f6 17. Nd4 Ke7 18. Kb2 Rhc8 19. Re3 Bd7 20. e5 f5 21. h4 Bc6 22. Rg3 Kf7 23. Nxc6 bxc6 24. c4 Rb8+ 25. Rb3 Rcb7 26. Rd6 Rb6 27. Rd7+ Kg6 28. Rxa7 Rb4 29. Re7 1-0


[Site "https://www.chess.com"]

[Event "Titled Tuesday Blitz December 06 Late 2022"]
[White "Zierk, Steven"]
[Black "Popilski, Gil"]
[WhiteFideId "2034255"]
[BlackFideId "2809060"]
[WhiteElo "2494"]
[BlackElo "2537"]
[Result "1-0"]
[Round "03"]
[TimeControl "180+1"]
[Date "2022.12.06"]
[WhiteClock "0:00:04"]
[BlackClock "0:00:01"]

1. e4 e5 2. Nf3 Nf6 3. d4 Nxe4 4. dxe5 d5 5. Nbd2 Nc5 6. Be2 Ne6 7. O-O c5 8. c4 d4 9. Ne4 Nc6 10. Bd3 Be7 11. Ng3 O-O 12. Qe2 f6 13. Qe4 g6 14. exf6 Rxf6 15. Re1 Qf8 16. h4 Bd6 17. h5 Nf4 18. Bxf4 Bxf4 19. hxg6 Bxg3 20. gxh7+ Kh8 21. fxg3 Bf5 22. Qe2 Qg7 23. Bxf5 Rxf5 24. Qe4 Raf8 25. Qh4 Nb4 26. Re7 Qg6 27. Rxb7 Nc2 28. Rc1 Ne3 29. b4 Nxg2 30. Kxg2 Rxf3 31. bxc5 Rf2+ 32. Kg1 R2f3 33. Qxd4+ R3f6 34. Qe5 Qg4 35. Rf1 Qxc4 36. Rxf6 1-0


[Site "https://www.chess.com"]